 Dungeon Crawl Stone Soup version 0.30.1-11-g7821555f0a (webtiles) character file.

Game seed: 12860621241962387041

1855 GimliDwarf the Carver (level 9, -6/54 HPs)
             Began as a Tengu Reaver on Jan 3, 2024.
             Was an Initiate of Wu Jian.
             Mangled by a yak (13 damage)
             ... on level 6 of the Dungeon.
             The game lasted 00:17:59 (6207 turns).

GimliDwarf the Carver (Tengu Reaver)                Turns: 6207, Time: 00:18:00

Health: -6/54      AC:  6    Str: 13    XL:     9   Next: 12%
Magic:  13/13      EV: 16    Int: 19    God:    Wu Jian [......]
Gold:   313        SH:  5    Dex: 17    Spells: 7/12 levels left

rFire   + . .        a - +0 falchion (chaos)
rCold   . . .        (no shield)
rNeg    . . .        b - +2 leather armour
rPois   .            (helmet restricted)
rElec   .            m - +0 cloak
rCorr   .            (no gloves)
SInv    .            (boots unavailable)
Will    .....        k - amulet of reflection
Stlth   ++           r - +6 ring of intelligence
HPRegen 0.29/turn    u - ring of protection from fire
MPRegen 0.13/turn

%: reflection
@: flying quickly and evasively, quick
A: beak, talons 3, nimble flight
a: Renounce Religion


You were on level 6 of the Dungeon.
You worshipped Wu Jian.
Wu Jian was noncommittal.
You visited 2 branches of the dungeon, and saw 7 of its levels.

You collected 313 gold pieces.

Inventory:

Hand Weapons
 a - a +0 falchion of chaos (weapon)
 j - a +3 quarterstaff of chaos
Missiles
 n - 17 poisoned darts
 p - 3 atropa-tipped darts
Armour
 b - a +2 leather armour (worn)
 m - a +0 cloak (worn)
Jewellery
 k - an amulet of reflection (around neck)
 r - a +6 ring of intelligence (left hand)
 u - a ring of protection from fire (right hand)
 x - a ring of poison resistance
Wands
 c - a wand of roots (7)
 t - a wand of polymorph (2)
Scrolls
 g - a scroll of teleportation
 o - 4 scrolls of immolation
 q - 2 scrolls of fog {unknown}
 y - a scroll of poison {unknown}
Potions
 d - a potion of ambrosia
 e - 4 potions of haste
 f - 2 potions of brilliance
 h - a potion of lignification {unknown}
 i - a potion of degeneration {unknown}
 l - 2 potions of might
 s - 2 potions of heal wounds {unknown}
 v - a potion of invisibility {unknown}
 w - 2 potions of mutation {unknown}
 z - a potion of magic {unknown}


   Skills:
 * Level 5.3 Fighting
 * Level 8.6 Long Blades
 + Level 2.2 Throwing
 * Level 3.9 Armour
 * Level 5.0 Dodging
 + Level 1.5 Stealth
 + Level 1.6 Shields
 + Level 2.4 Spellcasting
 + Level 4.3 Conjurations
 + Level 1.0 Translocations
 + Level 0.6 Evocations


You had 7 spell levels left.
You knew the following spells:

 Your Spells              Type           Power      Damage    Failure   Level
a - Kiss of Death         Conj/Necr      40%        2d8       9%          1
b - Momentum Strike       Conj/Tloc      24%        3d8       10%         2
c - Blink                 Tloc           12%        N/A       21%         2

Your spell library contained the following spells:

 Spells                   Type           Power      Damage    Failure   Level
 Beastly Appendage        Tmut           4%         N/A       21%         1
 Lesser Beckoning         Tloc           12%        N/A       21%         2
 Hailstorm                Conj/Ice       10%        3d5       24%         3
 Cigotuvi's Dreadful Rot  Necr/Pois/Air  4%         N/A       30%         2
 Wereblood                Tmut           2%         N/A       30%         2
 Gell's Gravitas          Tloc           6%         N/A       36%         3
 Teleport Other           Tloc           6%         N/A       36%         3
 Ignite Poison            Fire/Tmut/Pois 2%         N/A       52%         3
 Spider Form              Tmut/Pois      2%         N/A       52%         3
 Freezing Cloud           Conj/Ice/Air   3%         6-21      97%         5


Dungeon Overview and Level Annotations

Branches:
Dungeon (6/15)             Temple (1/1) D:6

Altars:
Cheibriados
Dithmenos
Elyvilon
Fedhas
Gozag
Kikubaaqudgha
Nemelex Xobeh
Ru
Sif Muna
Trog
Uskayaw
Wu Jian
Xom
Yredelemnul

Annotations:
D:4 2 runed translucent doors


Innate Abilities, Weirdness & Mutations

You have a beak for a mouth.
You have claws for feet.
Your magical nature lets you fly swiftly and evasively.


Message History

The yak barely misses you.
You hit the yak. Lightning courses through the yak!
You kill the yak!
The Council accepts your kill.
You hit the yak.
The yak seems to speed up.
The yak is lightly wounded.
The yak gores you!
You closely miss the yak. You claw the yak. You peck the yak.
The yak is moderately wounded.
The yak completely misses you.
You hit the yak. You claw the yak. Your peck misses the yak.
The yak is moderately wounded.
Aiming: Fastroot
Press: ? - help, Shift-Dir - straight line, f - yak
Aim: a yak (moderately wounded)
The roots erupt in riotous growth!
Roots grab the yak.
Roots grab the yak.
The grasping roots constrict the yak. x2
The yak struggles to escape constriction.
The grasping roots constrict the yak. x2
The roots release their grip on the yak. x2
The yak gores you.
You slash the yak! You burn the yak. You peck the yak.
The yak is almost dead.
The yak gores you!
* * * LOW HITPOINT WARNING * * *
You hit the yak but do no damage.
The yak suddenly seems more agile.
The yak is almost dead.
The yak closely misses you. The yak gores you.
* * * LOW HITPOINT WARNING * * *
Things that are here:
a +0 chain mail; a +0 whip
Things that are here:
a +0 robe; a +0 dagger The yak attacks as you move away!
The yak misses you. The yak misses you. The yak attacks as you move away!
The yak gores you!
You die...

###...............##.## ##
#..................#
.#####.#..............#...#
.......#.......)......##... .## .
...........#Y.[................#.
.####........[[.......####.. #..#
## #.....####Y######## #># #.#
#...### #.Y.# #.. #.. #...#
###@## ########.###. #####
######..###............
#######..z........#### #....
........######.......# ##...
###.........########.#####...
#########....).............
###########...##... ######...
####


You could see 3 yaks.

Vanquished Creatures
  Grinder (D:4)
  2 yaks (D:6)
  A water moccasin (D:6)
  A black bear (D:5)
  A phantom (D:5)
  2 bullfrogs
  2 scorpions
  3 wights (D:6)
  Crazy Yiuf (D:2)
  2 hounds (D:5)
  An orc priest (D:6)
  2 gnoll boudas
  A jelly (D:4)
  3 iguanas
  2 sleepcaps
  2 orc wizards
  Robin (D:2)
  10 gnolls
  5 adders
  4 white imps (D:5)
  2 ufetubi
  2 worms
  A dart slug (D:2)
  12 orcs
  A bat (D:1)
  10 endoplasms
  3 giant cockroaches
  24 goblins
  16 hobgoblins
  5 jackals
  2 quokkas
  5 ball pythons
  A ball python skeleton (D:2)
  A ball python zombie (D:2)
  4 frilled lizards
  7 kobolds
  7 rats
150 creatures vanquished.

Notes
Turn   | Place    | Note
-------+----------+-------------------------------------------
     0 | D:1      | GimliDwarf the Tengu Reaver began the quest for the Orb.
     0 | D:1      | Reached XP level 1. HP: 12/12 MP: 4/4
   126 | D:1      | Reached XP level 2. HP: 15/17 MP: 6/6
   145 | D:1      | Learned a level 2 spell: Momentum Strike
   497 | D:1      | Reached XP level 3. HP: 21/21 MP: 7/7
   745 | D:1      | Found a faded altar of an unknown god.
  1029 | D:2      | Noticed Robin
  1044 | D:2      | Reached skill level 4 in Long Blades
  1087 | D:2      | Killed Robin
  1088 | D:2      | Reached XP level 4. HP: 26/26 MP: 5/8
  1296 | D:2      | Reached skill level 1 in Armour
  1609 | D:2      | Found a runed translucent door.
  1610 | D:2      | Noticed Crazy Yiuf
  1841 | D:2      | Killed Crazy Yiuf
  1842 | D:2      | Gained mutation: Your magical nature lets you fly swiftly
                  | and evasively. [Tengu growth]
  1842 | D:2      | Reached XP level 5. HP: 31/31 MP: 6/9
  2842 | D:4      | Reached skill level 5 in Long Blades
  2857 | D:4      | Reached XP level 6. HP: 13/36 MP: 8/10
  3042 | D:4      | Reached skill level 1 in Throwing
  3165 | D:4      | Learned a level 2 spell: Blink
  3599 | D:4      | Found a large runed translucent door.
  3603 | D:4      | Found a large runed translucent door.
  3770 | D:4      | Noticed Grinder
  3772 | D:4      | Paralysed by Grinder for 4 turns
  3791 | D:4      | Killed Grinder
  3792 | D:4      | Reached skill level 6 in Long Blades
  3792 | D:4      | Reached XP level 7. HP: 19/41 MP: 11/11
  4290 | D:5      | Entered Level 5 of the Dungeon
  4312 | D:5      | Reached skill level 1 in Stealth
  4544 | D:5      | Reached skill level 1 in Shields
  4563 | D:5      | Reached skill level 7 in Long Blades
  4563 | D:5      | Reached XP level 8. HP: 47/48 MP: 12/12
  5256 | D:6      | Noticed a yak
  5281 | D:6      | Noticed a yak
  5737 | D:6      | Noticed a yak
  5746 | D:6      | Noticed a yak
  5938 | D:6      | Reached skill level 8 in Long Blades
  5940 | D:6      | Reached skill level 5 in Fighting
  6049 | D:6      | Found a staircase to the Ecumenical Temple.
  6054 | D:6      | Found an ancient bone altar of Kikubaaqudgha.
  6060 | Temple   | Entered the Ecumenical Temple
  6111 | Temple   | Became a worshipper of the Wu Jian Council
  6121 | D:6      | Noticed a yak
  6152 | D:6      | Killed a yak
  6153 | D:6      | Reached skill level 5 in Dodging
  6153 | D:6      | Reached skill level 1 in Translocations
  6153 | D:6      | Reached XP level 9. HP: 47/54 MP: 13/13
  6207 | D:6      | Mangled by a yak

Illustrated notes

Levels and vault maps discovered:
D:1:      giann_wishing_wells, layout_basic,
          dreamdust_ecumenical_altar_angels_and_demons
D:2:      layout_loops_ring, serial_undead, serial_undead_e, serial_undead_e,
          serial_undead_e, serial_undead_a, serial_undead_e,
          uniq_crazy_yiuf_cottage, uniq_robin
D:3:      layout_loops_ring
D:4:      kennysheep_goblin_castle, layout_loops_ring, jmf_multi_god_temple2,
          sigmund_army, uniq_grinder
D:5:      layout_loops_ring, kennysheep_generic_room_11
D:6:      layout_rooms, mainiacjoe_overflow_alcove_1, minmay_temple_entry_grid,
          hangedman_decor_growths
Temple:   nicolae_temple_ecumenical_triangle

Skill      XL: |  1  2  3  4  5  6  7  8 |
---------------+-------------------------+-----
Long Blades    | 4 5 6 7 8 |  8.6
Armour         | 1 2 3 |  3.9
Dodging        | 3 4 5 |  5.0
Throwing       | 1 2 |  2.2
Fighting       | 3 5 |  5.3
Stealth        | 1 |  1.5
Shields        | 1 |  1.6
Translocations | 1 |  1.0
Spellcasting   | |  2.4
Conjurations   | |  4.3
Evocations     | |  0.6

Action                     |  1- 3 |  4- 6 |  7- 9 || total
---------------------------+-------+-------+-------++-------
  Melee: Falchion          |    70 |   154 |   128 ||   352
         Kick              |    17 |    42 |    46 ||   105
         Peck              |     6 |    28 |    25 ||    59
         Punch             |       |     2 |     1 ||     3
  Throw: Dart              |       |    15 |     9 ||    24
   Cast: Momentum Strike   |     2 |     8 |     5 ||    15
         Kiss of Death     |       |     1 |       ||     1
Ability: Lunge             |       |       |     2 ||     2
  Evoke: Wand              |       |     2 |     5 ||     7
    Use: Scroll            |       |     8 |     5 ||    13
         Potion            |       |     1 |     1 ||     2
   Stab: Sleeping          |       |     2 |       ||     2
 Armour: Leather armour    |     9 |    20 |    20 ||    49
  Dodge: Dodged            |    36 |    84 |    72 ||   192
  Block: Other             |       |    28 |    25 ||    53
         Reflection        |       |     1 |     1 ||     2
